 Dungeon Crawl Stone Soup version 0.18.1-8-gdd0e5ea (webtiles) character file.

25 Shtopit the Shield-Bearer (level 3, -6/29 HPs)
             Began as a Formicid Fighter on May 30, 2016.
             Mangled by Crazy Yiuf
             ... wielding a +4 quarterstaff of chaos
              (17 damage)
             ... on level 2 of the Dungeon.
             The game lasted 00:02:39 (936 turns).

Shtopit the Shield-Bearer (Formicid Fighter)         Turns: 936, Time: 00:02:39

Health: -6/29      AC:  9    Str: 21    XL:     3   Next: 20%
Magic:  3/3        EV:  6    Int:  7    God:
Gold:   89         SH:  9    Dex: 10    Spells: 0 memorised, 2 levels left

rFire  . . .     SeeInvis +     a - +0 long sword
rCold  . . .     Gourm    .     h - +0 chain mail
rNeg   . . .     Faith    .     c - +0 shield
rPois  .         Spirit   .     (helmet unavailable)
rElec  .         Dismiss  .     (no cloak)
rCorr  .         Reflect  .     (no gloves)
SustAt .         Harm     .     (no boots)
MR     .....                    (no amulet)
Stlth  ..........               (no ring)
                                (no ring)

@: very slightly contaminated, drained, not resistant to hostile enchantments,
extremely unstealthy
A: permanent stasis, dig shafts and tunnels, four strong arms, antennae 3
a: Dig, Shaft Self


You were on level 2 of the Dungeon.
You were not hungry.

You visited 1 branch of the dungeon, and saw 2 of its levels.

You collected 89 gold pieces.

Inventory:

Hand Weapons
 a - a +0 long sword (weapon)
Armour
 b - a +0 scale mail
 c - a +0 shield (worn)
 h - a +0 chain mail (worn)
Scrolls
 e - a scroll of identify {unknown}
 j - a scroll of fog {unknown}
 k - a scroll of remove curse {unknown}
Potions
 d - a potion of might
 g - a potion of curing {unknown}
 i - a potion of brilliance {unknown}
Comestibles
 f - a bread ration


   Skills:
 + Level 3.6(3.3) Fighting
 + Level 2.1(1.8) Long Blades
 + Level 3.4(3.1) Armour
 + Level 1.0(0.7) Dodging
 + Level 4.1(3.8) Shields


You had 2 spell levels left.
You didn't know any spells.

Dungeon Overview and Level Annotations

Branches:
Dungeon (2/15)

Altars:

Annotations:
D:2 Crazy Yiuf


Innate Abilities, Weirdness & Mutations

You are under a permanent stasis effect.
You can dig through walls and to a lower floor.
Your four strong arms can wield two-handed weapons with a shield.
You have a pair of large antennae on your head (SInv).


Message History

You hit Crazy Yiuf but do no damage.
Crazy Yiuf is lightly wounded.
Crazy Yiuf hits you with a quarterstaff of chaos.
Your stasis keeps you stable.
You are very lightly contaminated with residual magic.
You hit Crazy Yiuf but do no damage.
Crazy Yiuf is lightly wounded.
Crazy Yiuf barely misses you.
You closely miss Crazy Yiuf.
Crazy Yiuf is lightly wounded.
Crazy Yiuf closely misses you. Crazy Yiuf hits you but does no damage.
You barely miss Crazy Yiuf.
Crazy Yiuf is lightly wounded.
Crazy Yiuf hits you with a quarterstaff of chaos.
You feel drained.
Your shield prevents you from hitting Crazy Yiuf.
Crazy Yiuf is lightly wounded.
Crazy Yiuf hits you but does no damage.
You are electrocuted!
Ouch! That really hurt!
You die...

#.#.###.# ##.......#
### #.....#### #).
#.....##### #..
#.........# ..
#......##.# #.
#......##.# #g##
#.....###.# #@#
####### #.# #.## #.#
##.# #.# ##.##
#########.# ##...#
#.......... #....#
##.######## #....#
####.######## ##..##
#...>........
#....######..#######


You could see Crazy Yiuf.

Vanquished Creatures
  A worm (D:2)
  A giant gecko (D:2)
  A giant cockroach (D:1)
  5 goblins (D:1)
  7 hobgoblins
  A bat (D:1)
  A giant newt (D:1)
  A kobold (D:1)
  A rat (D:1)
19 creatures vanquished.

Vanquished Creatures (others)
  4 toadstools (D:1)
4 creatures vanquished.

Grand Total: 23 creatures vanquished

Notes
Turn   | Place    | Note
--------------------------------------------------------------
     0 | D:1      | Shtopit the Formicid Fighter began the quest for the Orb.
     0 | D:1      | Reached XP level 1. HP: 18/18 MP: 1/1
   100 | D:1      | Reached XP level 2. HP: 20/24 MP: 2/2
   393 | D:1      | Reached skill level 1 in Dodging
   683 | D:1      | Reached skill level 4 in Shields
   773 | D:2      | Reached XP level 3. HP: 28/29 MP: 3/3
   926 | D:2      | Noticed Crazy Yiuf
   936 | D:2      | Mangled by Crazy Yiuf

Skill      XL: |  1  2 |
---------------+-------+-----
Dodging        | 1 |  1.0
Shields        | 4 |  4.1
Fighting       | |  3.6
Long Blades    | |  2.1
Armour         | |  3.4

Action                   || total
-------------------------++-------
Melee: Long sword        ||    90
Armor: Scale mail        ||    30
       Chain mail        ||    24
Dodge: Dodged            ||    30
Block: Shield            ||    63
